 Dungeon Crawl Stone Soup version 0.28.0 (webtiles) character file.

Game seed: 13167596599621838307

3793 Astera the Spear-Bearer (level 9, 0/81 HPs)
             Began as a Minotaur Fighter on Feb 12, 2022.
             Was an Initiate of Gozag.
             Slain by an orc knight (11 damage)
             ... in a bailey on Feb 18, 2022.
             The game lasted 00:22:25 (7520 turns).

Astera the Spear-Bearer (Minotaur Fighter)          Turns: 7520, Time: 00:22:25

Health: 0/81       AC: 13    Str: 33    XL:     9   Next: 96%
Magic:  8/8        EV: 11    Int:  5    God:    Gozag
Gold:   720        SH:  0    Dex: 10    Spells: 8/8 levels left

rFire   . . .      SeeInvis .   l - +2 scythe (freeze)
rCold   . . .      Faith    .   (shield currently unavailable)
rNeg    + . .      Spirit   .   b - +0 scale mail
rPois   +          Reflect  .   (helmet restricted)
rElec   .          Harm     .   r - +2 cloak
rCorr   .          Rampage  .   (no gloves)
Will    .....                   G - +0 pair of boots
Stlth   ..........              I - amulet of the acrobat
HPRegen 0.23/turn               H - ring "Demust" {rPois rN+ Str+2}
MPRegen 0.11/turn               u - +6 ring of strength

@: mighty, gold aura
A: horns 2, retaliatory headbutt
a: Renounce Religion, Potion Petition, Call Merchant, Bribe Branch


You were in a bailey.
You worshipped Gozag.
Gozag was pleased with you.
You visited 1 branch of the dungeon, and saw 8 of its levels.
You also visited: Sewer and Bailey.

You collected 1215 gold pieces.
You spent 495 gold pieces at shops.

Inventory:

Hand Weapons
 l - a +2 scythe of freezing (weapon)
Armour
 b - a +0 scale mail (worn)
 c - a +0 buckler
 r - a +2 cloak (worn)
 G - a +0 pair of boots (worn)
Jewellery
 e - a ring of ice
 f - a ring of wizardry
 o - a +6 ring of dexterity
 s - a ring of fire
 u - a +6 ring of strength (right hand)
 y - a ring of flight
 H - the ring "Demust" (left hand) {rPois rN+ Str+2}
   (You bought it in a shop on level 6 of the Dungeon)

   [ring of poison resistance]

   Str:       It affects your strength (+2).
   rPois:     It protects you from poison.
   rN:        It protects you from negative energy.
 I - an amulet of the acrobat (around neck)
Wands
 J - a wand of digging (3)
Scrolls
 a - 2 scrolls of teleportation {unknown}
 g - 2 scrolls of immolation {unknown}
 h - a scroll of noise {unknown}
 j - 3 scrolls of identify {unknown}
 m - 2 scrolls of vulnerability {unknown}
 n - 3 scrolls of amnesia {unknown}
 p - 3 scrolls of fear {unknown}
 t - 3 scrolls of magic mapping {unknown}
 z - a scroll of enchant armour {unknown}
 A - a scroll of blinking {unknown}
 D - 2 scrolls of fog {unknown}
 E - 3 scrolls of torment {unknown}
Potions
 i - 4 potions of curing
 k - 3 potions of lignification {unknown}
 q - 3 potions of invisibility {unknown}
 v - 4 potions of mutation {unknown}
 w - 3 potions of magic {unknown}
 x - a potion of brilliance {unknown}
 B - a potion of resistance {unknown}
 C - 2 potions of heal wounds {unknown}
 F - a potion of attraction {unknown}


   Skills:
 + Level 7.9 Fighting
 + Level 12.3 Polearms
 + Level 9.3 Armour
 + Level 2.9 Dodging
 + Level 1.2 Stealth
 + Level 4.5 Shields


You had 8 spell levels left.
You didn't know any spells.
Your spell library contained the following spells:

 Spells                   Type           Power      Damage    Failure   Level
 Corpse Rot               Necr/Air       0%         N/A       80%         2
 Ensorcelled Hibernation  Hex/Ice        0%         N/A       80%         2
 Poisonous Vapours        Pois/Air       0%         N/A       80%         2
 Static Discharge         Conj/Air       0%         N/A       80%         2
 Inner Flame              Hex/Fire       0%         N/A       95%         3
 Portal Projectile        Hex/Tloc       0%         N/A       95%         3
 Spider Form              Tmut/Pois      0%         N/A       95%         3
 Airstrike                Air            0%         N/A       100%        4
 Anguish                  Hex/Necr       0%         N/A       100%        4
 Cause Fear               Hex            0%         N/A       100%        4
 Dispel Undead            Necr           0%         3d6       100%        4
 Sticky Flame             Conj/Fire      0%         2d3       100%        4
 Summon Lightning Spire   Summ/Air       0%         N/A       100%        4
 Blade Hands              Tmut           0%         N/A       100%        5
 Excruciating Wounds      Necr           0%         N/A       100%        5
 Fireball                 Conj/Fire      0%         3d3       100%        5
 Lightning Bolt           Conj/Air       0%         1d11      100%        5
 Starburst                Conj/Fire      0%         6d3       100%        6
 Discord                  Hex            0%         N/A       100%        8
 Ignition                 Fire           0%         3d3       100%        8
 Maxwell's Capacitive Co  Air            0%         ∞         100%        8


Dungeon Overview and Level Annotations

Branches:
Dungeon (8/15)             Temple (0/1) D:5           Sewer (visited)
 Bailey (1/1)
   Lair: D:8-11

Altars:
Gozag
Sif Muna
Xom
Beogh

Shops:
D:2 :   D:6 =   D:7 **

Annotations:
D:7 3 runed translucent doors, Veteran's ghost, novice DECj


Innate Abilities, Weirdness & Mutations

You have a pair of horns on your head.
You reflexively headbutt those who attack you in melee.


Message History

Things that are here:
a +0 leather armour; a +0 hand axe; a +0 hand axe An orc knight opens the door.
The orc knight roars a battlecry!
You reach to attack!
You slice the orc knight!! You freeze the orc knight.
The orc knight is moderately wounded.
The orc knight hits you with a +0 war axe!!
You are too injured to fight recklessly!
You hit the goblin. You freeze the goblin.
The goblin is heavily wounded.
The orc knight roars a battlecry!
The orc warrior goes into a battle-frenzy!
You closely miss the goblin.
The goblin is heavily wounded.
The orc knight hits you but does no damage.
The goblin hits you but does no damage.
The orc knight hits you with a +0 war axe!!
* * * LOW HITPOINT WARNING * * *
The hobgoblin hits you but does no damage.
You barely miss the goblin.
The goblin is heavily wounded.
The goblin hits you but does no damage. The orc knight completely misses you.
The hobgoblin misses you. You furiously retaliate!
You headbutt the hobgoblin. The goblin hits you with a +0 hand axe.
* * * LOW HITPOINT WARNING * * *
The orc knight completely misses you. The orc misses you.
Unknown command.
Unknown command.
You feel very mighty all of a sudden.
The orc knight hits you but does no damage.
The hobgoblin misses you. The orc hits you with a +0 hand axe.
* * * LOW HITPOINT WARNING * * *
The goblin closely misses you. You furiously retaliate!
You headbutt the goblin!
You kill the goblin!
You slash the hobgoblin! You freeze the hobgoblin.
You kill the hobgoblin!
The orc knight hits you with a +0 war axe!
You die...
Your body crumbles into a pile of gold.

#.......o...#$
#.....g.....#. ♣♣♣
###[$.......### ♣♣♣♣.♣♣
###.#'#o.g..### #
♣♣.....♣♣###...$[###.###
♣♣.......##.........###
♣........#...)o......#$$
♣♣.......'..oo.......#$$
♣...∩.∩..'..@o.⌠.....# $
♣♣.......)...$$......#$$
♣......)#...........#$$
♣♣......##.........##
♣....♣.♣###.....###
♣♣..♣♣♣♣ ###.#+# ♣♣♣♣ ##


You could see an orc knight, an orc warrior (strong) and 2 orcs.

Vanquished Creatures
  Sigmund (D:2)
  2 wyverns (D:7)
  Grum (D:8)
  2 water moccasins
  8 orc warriors
  A sky beast (D:6)
  An ice beast (D:8)
  An ogre (D:3)
  2 black bears (D:5)
  A necrophage (D:6)
  3 wolves (D:8)
  A phantom (D:5)
  2 kobold brigands (Sewer)
  A scorpion (D:6)
  2 water moccasin zombies (D:6)
  A water moccasin skeleton (D:6)
  3 wights (D:7)
  A howler monkey (D:6)
  A bullfrog zombie (D:6)
  A jelly (D:7)
  A gnoll shaman (D:6)
  3 hounds
  A bullfrog skeleton (D:5)
  4 orc priests
  3 iguanas
  6 orc wizards
  11 adders
  5 gnolls
  4 river rats (Sewer)
  A shadow imp (D:6)
  2 worms
  2 dart slugs
  18 orcs
  5 endoplasms
  5 giant cockroaches
  16 goblins
  13 hobgoblins
  4 jackals
  5 quokkas
  6 ball pythons
  8 bats
  7 frilled lizards
  11 kobolds
  12 rats
189 creatures vanquished.

Vanquished Creatures (others)
  11 plants (Sewer)
11 creatures vanquished.

Grand Total: 200 creatures vanquished

Notes
Turn   | Place    | Note
-------+----------+-------------------------------------------
     0 | D:1      | Astera the Minotaur Fighter began the quest for the Orb.
     0 | D:1      | Reached XP level 1. HP: 19/19 MP: 0/0
    57 | D:1      | Reached XP level 2. HP: 27/27 MP: 1/1
   238 | D:1      | Reached XP level 3. HP: 21/33 MP: 2/2
   475 | D:2      | Found Xozxov's Book Boutique.
   492 | D:2      | Reached skill level 3 in Polearms
   554 | D:2      | Noticed Sigmund
   564 | D:2      | Killed Sigmund
   565 | D:2      | Reached skill level 4 in Polearms
   565 | D:2      | Reached skill level 1 in Dodging
   565 | D:2      | Reached XP level 4. HP: 26/41 MP: 3/3
   565 | D:2      | Reached XP level 5. HP: 30/47 MP: 4/4
   698 | D:2      | Found a faded altar of an unknown god.
   702 | D:2      | Prayed at the altar of an unknown god.
   702 | D:2      | Became a worshipper of Gozag Ym Sagoz the Greedy
  1310 | D:3      | Reached skill level 5 in Armour
  1328 | D:3      | Noticed an ogre
  1336 | D:3      | Killed an ogre
  1337 | D:3      | Reached skill level 5 in Fighting
  1337 | D:3      | Reached skill level 5 in Polearms
  1337 | D:3      | Reached XP level 6. HP: 41/56 MP: 5/5
  1363 | D:3      | Noticed a water moccasin
  1372 | D:3      | Killed a water moccasin
  2016 | D:4      | Reached skill level 6 in Polearms
  2191 | D:4      | Found a shimmering altar of Xom.
  2293 | D:4      | Reached XP level 7. HP: 61/61 MP: 6/6
  2838 | D:5      | Entered Level 5 of the Dungeon
  2986 | D:5      | Found a glowing drain.
  3068 | Sewer    | Entered a sewer
  3105 | Sewer    | Reached skill level 7 in Polearms
  3890 | D:5      | Reached XP level 8. HP: 70/70 MP: 7/7
  3986 | D:5      | Found a staircase to the Ecumenical Temple.
  4099 | D:5      | Reached skill level 8 in Polearms
  4528 | D:6      | Reached skill level 9 in Polearms
  4541 | D:6      | Found Fongiamm's Jewellery Boutique.
  4551 | D:6      | Bought the ring "Demust" {rPois rN+ Str+2} for 495 gold
                  | pieces
  5240 | D:6      | Reached skill level 10 in Polearms
  5359 | D:6      | Reached XP level 9. HP: 75/78 MP: 8/8
  5601 | D:7      | Found Ohouss's Specific Store.
  5605 | D:7      | Found Puetowod's General Store.
  5745 | D:7      | Found a shimmering blue altar of Sif Muna.
  5915 | D:7      | Found a runed translucent gate.
  5915 | D:7      | Noticed Veteran's ghost (novice DECj)
  5924 | D:7      | Found a runed translucent gate.
  5924 | D:7      | Identified the +1 chain mail "Yjinud" {Fly Str-5 Stlth+}
  5925 | D:7      | Found a runed translucent gate.
  6150 | D:7      | Reached skill level 11 in Polearms
  6563 | D:8      | Noticed a two-headed ogre
  6610 | D:8      | Reached skill level 1 in Stealth
  6637 | D:8      | Noticed Grum
  6644 | D:8      | Killed Grum
  6736 | D:8      | Found a flagged portal.
  6880 | Bailey   | Entered a bailey
  7424 | Bailey   | Reached skill level 12 in Polearms
  7469 | Bailey   | Noticed an orc knight
  7520 | Bailey   | Slain by an orc knight

Illustrated notes

Levels and vault maps discovered:
D:1:      heliophobic_arrival_battle_scene, layout_rooms
D:2:      layout_loops_cross, serial_shops, shop, ebering_ecumenical_altar_mist,
          chequers_garden, minmay_tetromino_t4, uniq_sigmund
D:3:      layout_basic
D:4:      layout_basic, mainiacjoe_overflow_paths
D:5:      layout_rooms, minmay_temple_entry_arrows,
          cheibrodos_sewer_entry_drain, kennysheep_generic_room_11
D:6:      layout_cave_pools, serial_shops, shop_statue, wad_floor_pattern_2,
          grunt_ministairs_3, st_stairs_5, nicolae_underground_beach
D:7:      layout_layer_cave, led_sif_book, biasface_ghost_orc_armoury,
          nicolae_specific_store, minmay_holes
D:8:      layout_loops_cross, enter_bailey_3, gammafunk_ghost_grave, uniq_grum
Bailey:   bailey_axe_minmay_hex_keep, bailey

Skill      XL: |  1  2  3  4  5  6  7  8  9 |
---------------+----------------------------+-----
Armour         | 4 5 6 8 9 |  9.3
Shields        | 4 |  4.5
Fighting       | 4 5 6 7 |  7.9
Polearms       | 4 5 6 7 10 12 | 12.3
Dodging        | 1 2 |  2.9
Stealth        | 1 |  1.2

Action                   |  1- 3 |  4- 6 |  7- 9 || total
-------------------------+-------+-------+-------++-------
Melee: Trident           |    81 |       |       ||    81
       Headbutt          |    10 |     4 |    36 ||    50
       Scythe            |       |    59 |   301 ||   360
  Use: Potion            |       |       |     1 ||     1
 Stab: Distracted        |       |       |     1 ||     1
Armor: Scale mail        |    32 |    22 |   115 ||   169
Dodge: Dodged            |    33 |    36 |   115 ||   184
Block: Buckler           |     9 |       |       ||     9
